 Dungeon Crawl Stone Soup version 0.30.2 (webtiles) character file.

Game seed: 9898022351935982898

1343 porpoise the Skirmisher (level 8, -3/63 HPs)
             Began as a Human Hunter on Mar 7, 2024.
             Slain by a troll (4 damage)
             ... on level 6 of the Dungeon.
             The game lasted 00:11:47 (4554 turns).

porpoise the Skirmisher (Human Hunter)              Turns: 4554, Time: 00:11:48

Health: -3/63      AC:  5    Str: 13    XL:     8   Next: 93%
Magic:  8/8        EV: 12    Int:  9    God:
Gold:   270        SH:  0    Dex: 18    Spells: 7/7 levels left

rFire   . . .        b - +2 dagger (venom)
rCold   . . .        (no shield)
rNeg    + . .        c - +0 leather armour
rPois   .            n - +0 helmet
rElec   .            k - +0 cloak
rCorr   .            (no gloves)
SInv    .            (no boots)
Will    .....        (no amulet)
Stlth   +++          h - ring of positive energy
HPRegen 0.30/turn    (no ring)
MPRegen 0.11/turn

%: no passive effects
@: invisible
A: no striking features
a: no special abilities


You were on level 6 of the Dungeon.
You visited 2 branches of the dungeon, and saw 7 of its levels.
You also visited: Sewer.

You collected 270 gold pieces.

Inventory:

Hand Weapons
 a - a +0 shortbow of freezing
 b - a +2 dagger of venom (weapon)
 A - a +2 heavy long sword
 G - a +0 shortbow
Missiles
 m - 10 curare-tipped darts
 q - 8 boomerangs
Armour
 c - a +0 leather armour (worn)
 k - a +0 cloak (worn)
 n - a +0 helmet (worn)
 C - the +7 chain mail of Time Monsters {Harm}
   (You found it on level 5 of the Dungeon)

   Harm:      It increases damage dealt and taken.
Jewellery
 d - an amulet of magic regeneration
 h - a ring of positive energy (left hand)
 F - a ring of protection from fire
Scrolls
 f - 3 scrolls of fog
 i - a scroll of identify
 l - a scroll of immolation
 o - a scroll of magic mapping {unknown}
 r - a scroll of enchant weapon {unknown}
 s - a scroll of poison
 t - a scroll of fear
 u - 4 scrolls of teleportation
 w - 2 scrolls of amnesia
 y - a scroll of vulnerability {unknown}
 B - a scroll of summoning {unknown}
 E - a scroll of brand weapon
Potions
 e - 4 potions of flight
 g - a potion of lignification
 j - 3 potions of mutation
 p - 3 potions of curing
 v - a potion of berserk rage
 x - a potion of cancellation
 z - a potion of ambrosia
 D - a potion of invisibility


   Skills:
 + Level 5.5 Fighting
 * Level 8.5 Ranged Weapons
 - Level 2.0 Dodging
 - Level 5.0 Stealth


You had 7 spell levels left.
You didn't know any spells.
Your spell library was empty.

Dungeon Overview and Level Annotations

Branches:
Dungeon (6/15)             Temple (1/1) D:4           Sewer (visited)

Altars:
Ashenzari
Elyvilon
Fedhas
Gozag
Okawaru
Qazlal
Ru
Uskayaw
Vehumet
Wu Jian
Xom
Yredelemnul
The Shining One

Shops:
D:4 =


Message History

You kill the scorpion!
Your +2 dagger of venom stops dripping with poison.
Your +0 shortbow of freezing is covered in frost.
a - a +0 shortbow of freezing (weapon)
HP restored.
Found 5 stones.
D - 2 potions of invisibility (gained 1)
Found a stone staircase leading down.
j - 2 potions of mutation (gained 1)
j - 3 potions of mutation (gained 1)
A troll comes into view.
You shoot an arrow.
The arrow hits the troll but does no damage.
The troll shouts!
You shoot an arrow. The arrow closely misses the troll.
Your +0 shortbow of freezing stops glowing.
Your +2 dagger of venom begins to drip with poison!
b - a +2 dagger of venom (weapon)
The troll closely misses you. The troll claws you. The troll claws you!
You hit the troll.
The troll is poisoned.
The troll is lightly wounded.
The troll bites you. The troll claws you but does no damage.
The troll barely misses you.
You closely miss the troll.
The troll is lightly wounded.
The troll bites you! The troll barely misses you. The troll claws you!
* * * LOW HITPOINT WARNING * * *
You are too injured to fight recklessly!
You closely miss the troll.
The troll is lightly wounded.
The troll bites you!
* * * LOW HITPOINT WARNING * * *
The troll claws you.
* * * LOW HITPOINT WARNING * * *
The troll claws you but does no damage.
You fade into invisibility!
The troll bites you.
* * * LOW HITPOINT WARNING * * *
The troll misses you. The troll claws you.
You die...

## #. #####. ..... #..
..... > .....
..##T###### .###.##.#
#.##.@....# ...#.##.#
#.#######.# ...#.##.#
#.# #.# ...#.##.# #.#
#.#
...#.##.####.#######.#
...#.##..............#
......#.####.#########
...#..#.####.###
...#..#........#


You could see a troll (unable to see you, very poisoned).

Vanquished Creatures
  Pikel (D:4)
  3 black bears
  An ogre (D:5)
  A centaur (D:5)
  3 scorpions
  2 hounds
  2 iguanas
  3 gnolls (D:2)
  8 adders
  2 river rats (Sewer)
  A white imp (D:5)
  A worm (D:2)
  2 dart slugs
  8 orcs
  11 bats
  4 endoplasms
  2 giant cockroaches (D:2)
  9 goblins
  3 hobgoblins
  8 jackals
  9 kobolds
  4 quokkas
  16 ball pythons
  7 frilled lizards
  4 rats
115 creatures vanquished.

Notes
Turn   | Place    | Note
-------+----------+-------------------------------------------
     0 | D:1      | porpoise the Human Hunter began the quest for the Orb.
     0 | D:1      | Reached XP level 1. HP: 16/16 MP: 1/1
    81 | D:1      | Found a faded altar of an unknown god.
    90 | D:1      | Reached XP level 2. HP: 22/22 MP: 2/2
   487 | D:1      | Reached XP level 3. HP: 27/27 MP: 3/3
   592 | D:2      | Reached XP level 4. HP: 12/34 MP: 4/4
   878 | D:2      | Reached skill level 5 in Ranged Weapons
   976 | D:2      | Reached XP level 5. HP: 40/40 MP: 5/5
  1738 | D:3      | Found a glowing drain.
  1769 | Sewer    | Entered a sewer
  1861 | Sewer    | Reached XP level 6. HP: 47/47 MP: 6/6
  2670 | D:4      | Reached skill level 6 in Ranged Weapons
  2735 | D:4      | Found a staircase to the Ecumenical Temple.
  2741 | Temple   | Entered the Ecumenical Temple
  2898 | D:4      | Found Rawudigg's Jewellery Shoppe.
  2902 | D:4      | Noticed Pikel
  2922 | D:4      | Killed Pikel
  2923 | D:4      | Reached skill level 7 in Ranged Weapons
  2923 | D:4      | Reached XP level 7. HP: 11/55 MP: 7/7
  3018 | D:4      | Reached XP level 8. HP: 43/61 MP: 8/8
  3216 | D:4      | Found an opulent altar of Gozag.
  3419 | D:5      | Entered Level 5 of the Dungeon
  3768 | D:5      | Identified the +7 chain mail of Time Monsters {Harm}
  3904 | D:5      | Reached skill level 5 in Fighting
  3904 | D:5      | Reached skill level 5 in Stealth
  4207 | D:5      | Reached skill level 8 in Ranged Weapons
  4547 | D:6      | Noticed a troll
  4554 | D:6      | HP: 1/63 [troll (4)]
  4554 | D:6      | Slain by a troll

Illustrated notes

Levels and vault maps discovered:
D:1:      ebering_trefoil_3fold, layout_basic,
          hellmonk_ecumenical_altar_lost_god
D:2:      layout_basic, kennysheep_big_empty_room
D:3:      layout_loops_ring, gup_sewer_entry_glass
D:4:      layout_loops_ring, mainiacjoe_overflow_alcove_2,
          minmay_temple_entry_fiery, serial_shops, shop, uniq_pikel
D:5:      layout_loops_ring, hangedman_decor_lopped,
          nicolae_figureground_sparkle
D:6:      layout_basic, minitemple
Temple:   nicolae_temple_hex_pool

Skill      XL: |  1  2  3  4  5  6  7  8 |
---------------+-------------------------+-----
Stealth        | 2 4 5 |  5.0
Ranged Weapons | 5 7 8 |  8.5
Fighting       | 3 4 5 |  5.5
Dodging        | |  2.0

Action                     |  1- 3 |  4- 6 |  7- 9 || total
---------------------------+-------+-------+-------++-------
  Melee: Spear             |     2 |     2 |       ||     4
         Dagger            |       |       |    33 ||    33
   Fire: Shortbow          |    56 |   166 |    42 ||   264
    Use: Scroll            |     3 |     6 |     5 ||    14
         Potion            |       |       |     1 ||     1
   Stab: Sleeping          |       |       |     1 ||     1
 Armour: Leather armour    |     6 |    23 |    21 ||    50
  Dodge: Dodged            |     6 |    45 |    36 ||    87
